 Dungeon Crawl Stone Soup version 0.26-a0-1147-g3780a7a11b (webtiles) character file.

Game seed: 10756310435466006751

284 voltaire321 the Poker (level 6, -8/48 HPs)
             Began as a Merfolk Gladiator on Dec 22, 2020.
             Killed by divine providence
             ... invoked by an orc priest
              (10 damage)
             ... on level 4 of the Dungeon.
             The game lasted 00:10:09 (3972 turns).

voltaire321 the Poker (Merfolk Gladiator)           Turns: 3972, Time: 00:10:10

Health: -8/48      AC:  5    Str: 14    XL:     6   Next: 29%
Magic:  6/6        EV: 19    Int:  7    God:
Gold:   161        SH:  0    Dex: 18    Spells: 5/5 levels left

rFire    . . .     SeeInvis .   a - +2 trident
rCold    . . .     Faith    .   (no shield)
rNeg     . . .     Spirit   .   b - +0 leather armour
rPois    .         Reflect  .   c - +0 helmet
rElec    .         Harm     .   (no cloak)
rCorr    .         Rampage  .   (no gloves)
Will     .....                  q - +0 pair of boots
Stlth    +.........             (no amulet)
HPRegen  0.16/turn              h - +4 ring of evasion
MPRegen  0.10/turn              (no ring)

@: no status effects
A: change form in water, swift swim, stealthy swim
a: no special abilities


You were on level 4 of the Dungeon.
You visited 1 branch of the dungeon, and saw 4 of its levels.

You collected 161 gold pieces.

Inventory:

Hand Weapons
 a - a +2 trident (weapon)
Missiles
 d - 2 throwing nets
 p - 12 poisoned darts (quivered)
Armour
 b - a +0 leather armour (worn)
 c - a +0 helmet (worn)
 q - a +0 pair of boots (worn)
 r - a +0 pair of gloves
Jewellery
 h - a +4 ring of evasion (left hand)
Scrolls
 e - a scroll of identify {unknown}
 f - a scroll of random uselessness {unknown}
 g - 2 scrolls of remove curse
 n - a scroll of amnesia {unknown}
Potions
 i - a potion of lignification {unknown}
 j - a potion of degeneration {unknown}
 k - 3 potions of attraction {unknown}
 m - 2 potions of cancellation {unknown}
 o - a potion of ambrosia {unknown}


   Skills:
 + Level 3.9 Fighting
 + Level 6.2 Polearms
 + Level 3.6 Throwing
 + Level 5.7 Dodging


You had 5 spell levels left.
You didn't know any spells.
Your spell library was empty.

Dungeon Overview and Level Annotations

Branches:
Dungeon (4/15)
 Temple: D:4-7

Altars:
Okawaru
Trog
Yredelemnul


Message History

The orc wizard casts a spell at you. The magic dart hits you.
The orc hits you with a +0 whip.
You barely miss the orc priest.
The orc priest is heavily wounded.
The orc priest mumbles some strange prayers to Beogh against you.
Beogh smites you!
* * * LOW HITPOINT WARNING * * *
The orc hits you with a +0 mace.
* * * LOW HITPOINT WARNING * * *
The orc hits you but does no damage. The orc misses you.
You see here an arrow.
You barely miss the orc priest.
The orc priest is heavily wounded.
The orc priest hits you but does no damage.
You hit the orc priest but do no damage.
The orc priest is heavily wounded.
The orc priest invokes the aid of Beogh against you.
Beogh smites you!
You die...

#..........
#.......... #
###........##.
#............ .
#....#.....# ..
##...<......## o.
..
#............###.#
#..
##.........###...#
.#..
##....##.o@#....###
.^..
#.....###oo......#
...
##.........#.....#
#. ##......).#
..... # .........#
.... # ##.......##
... ### ###......
.. ###.. #.....## .
#..... ##....
#.....


You could see an orc priest and 2 orcs.

Vanquished Creatures
  A centaur (D:4)
  A hound (D:3)
  Terence (D:2)
  A worker ant (D:4)
  An adder (D:3)
  2 worms
  3 dart slugs
  4 leopard geckos
  4 orcs (D:3)
  2 ball pythons
  3 giant cockroaches
  9 goblins
  12 hobgoblins
  20 jackals
  2 quokkas
  7 bats
  3 frilled lizards
  2 gnoll zombies (D:3)
  5 kobolds
  7 rats
90 creatures vanquished.

Notes
Turn   | Place    | Note
-------+----------+-------------------------------------------
     0 | D:1      | voltaire321 the Merfolk Gladiator began the quest for the
                  | Orb.
     0 | D:1      | Reached XP level 1. HP: 16/16 MP: 1/1
    85 | D:1      | Reached XP level 2. HP: 20/23 MP: 2/2
   483 | D:1      | Reached XP level 3. HP: 28/28 MP: 3/3
  1112 | D:2      | Reached skill level 5 in Polearms
  1332 | D:2      | Noticed Terence
  1346 | D:2      | Killed Terence
  1347 | D:2      | Reached XP level 4. HP: 24/35 MP: 4/4
  2377 | D:3      | Reached skill level 5 in Dodging
  2747 | D:3      | Reached XP level 5. HP: 33/41 MP: 5/5
  3086 | D:3      | Found a bloodstained altar of Trog.
  3187 | D:3      | Found an iron altar of Okawaru.
  3215 | D:3      | Found a basalt altar of Yredelemnul.
  3956 | D:4      | Noticed a centaur
  3963 | D:4      | Killed a centaur
  3964 | D:4      | Reached skill level 6 in Polearms
  3964 | D:4      | Reached XP level 6. HP: 38/48 MP: 6/6
  3969 | D:4      | HP: 2/48 [orc/+0 mace (4)]
  3972 | D:4      | Killed from afar by an orc priest

Illustrated notes

Levels and vault maps discovered:
D:1:      lemuel_arrival_lava_pool, layout_loops_ring, minivault_24
D:2:      layout_loops_ring, minmay_tree_intersection, uniq_terence
D:3:      layout_basic, general_overflow_altar, lemuel_doored_altar,
          lemuel_zombie_altar_yredelemnul
D:4:      layout_cave_pools, minmay_misc_feat_rugged, grunt_decor_fettered,
          feat_on_display

Skill      XL: |  1  2  3  4  5 |
---------------+----------------+-----
Polearms       | 5 6 |  6.2
Fighting       | 3 |  3.9
Dodging        | 5 |  5.7
Throwing       | 3 |  3.6

Action                   |  1- 3 |  4- 6 || total
-------------------------+-------+-------++-------
Melee: Trident           |   126 |   200 ||   326
Throw: Throwing net      |       |     1 ||     1
  Use: Scroll            |       |     3 ||     3
 Stab: Sleeping          |     1 |     2 ||     3
       Distracted        |       |     1 ||     1
Armor: Leather armour    |    28 |    39 ||    67
Dodge: Dodged            |    98 |   130 ||   228

Table legend: (Time is in decaauts)
 A = Elapsed time spent in this place.
 B = Non-inter-level travel time spent in this place.
 C = Inter-level travel time spent in this place.
 D = Time resting spent in this place.
 E = Time spent auto-exploring this place.
 F = Levels seen in this place.
 G = Mean time per level.
                   A        B        C        D        E       F      G
               +--------+--------+--------+--------+--------+-----+--------+
         Total |   3988 |   3884 |    104 |   1355 |   1734 |   4 |  997.0 |
       Dungeon |   3988 |   3884 |    104 |   1355 |   1734 |   4 |  997.0 |
               +--------+--------+--------+--------+--------+-----+--------+

Top non-repeatable levels by time:
     D:3: 1476 daAuts
     D:2: 1188 daAuts
     D:1: 1085 daAuts
     D:4: 238 daAuts
